Map: Deathaura LE

Players

blcyber - Winner!

  • Race: Zerg Zerg
  • League: Gold

VOD

Have the link to the VOD?

Description

Time

  • Played on: June 19, 2021, 8:46 a.m.
  • Length: 9:42
Show
View Real Time Build Order
Export as new Build Order

blcyber Zerg - Winner!

Build Orders: Hatch First, Roach Hydra 

Get SALT Encoding   

  12  0:05  Drone  
  12  0:17  Overlord  
  12  0:21  Drone  
  12  0:35  Drone  
  12  0:37  Drone  
  12  0:39  Drone  
  12  0:57  Drone  
  12  1:00  Extractor  
  12  1:01  Hatchery  
  12  1:12  Drone  
  12  1:20  Spawning Pool  
  12  1:24  Drone x2  
  12  1:32  Drone  
  12  1:43  Overlord  
  12  2:06  Zergling x4  
  12  2:07  Queen  
  12  2:08  Metabolic Boost  
  12  2:14  Queen  
  12  2:34  Drone  
  12  2:36  Drone  
  12  2:39  Drone  
  12  2:42  Hatchery, Drone  
  12  2:49  Zergling x4  
  12  2:54  Overlord  
  12  3:14  Drone x5  
  12  3:16  Overlord  
  12  3:29  Drone x5  
  12  3:30  Drone  
  12  3:35  Queen  
  12  3:40  Queen  
  12  3:50  Evolution Chamber  
  12  3:53  Roach Warren  
  12  4:00  Spore Crawler  
  12  4:04  Spore Crawler  
  12  4:05  Queen  
  12  4:07  Drone x3  
  12  4:22  Lair  
  12  4:31  Evolution Chamber  
  12  4:33  Drone x2  
  12  4:37  Extractor  
  12  4:38  Extractor  
  12  4:39  Extractor  
  12  4:41  Drone x3  
  12  4:42  Drone  
  12  4:43  Drone x2  
  12  4:44  Drone x5  
  12  4:45  Drone  
  12  4:52  Queen  
  12  4:59  Zerg Melee Weapons Level 1  
  12  5:06  Overlord  
  12  5:07  Overlord  
  12  5:28  Queen  
  12  5:37  Drone x3  
  12  5:40  Drone x3  
  12  5:41  Drone x7  
  12  5:42  Drone  
  12  5:45  Overlord x3  
  12  6:23  Glial Reconstitution, Zerg Ground Armor Level 1  
  12  6:30  Hatchery  
  12  6:31  Hydralisk Den  
  12  6:38  Spore Crawler  
  12  6:41  Extractor, Drone  
  12  6:42  Extractor, Drone x2  
  12  6:45  Drone x3  
  12  6:48  Hatchery  
  12  7:06  Zerg Missile Weapons Level 1  
  12  7:09  Pneumatized Carapace  
  12  7:11  Grooved Spines  
  12  7:26  Drone x2  
  12  7:27  Drone x7  
  12  7:28  Drone x6  
  12  7:29  Drone  
  12  7:30  Overlord x5  
  12  7:32  Roach x4  
  12  7:34  Overlord x2  
  12  8:02  Queen  
  12  8:08  Spore Crawler  
  12  8:11  Extractor  
  12  8:12  Extractor, Hydralisk x7  
  12  8:13  Hydralisk x2  
  12  8:14  Roach x6  
  12  8:15  Roach x2  
  12  8:16  Roach  
  12  8:17  Overlord x2  
  12  8:20  Drone x3  
  12  8:22  Drone  
  12  8:23  Muscular Augments  
  12  8:24  Drone x2  
  12  8:37  Queen  
  12  9:06  Roach x4  
  12  9:07  Roach x5, Hydralisk x4  
  12  9:08  Roach, Hydralisk x4  
  12  9:10  Roach x2  
  12  9:11  Overlord  
  12  9:12  Overlord x3  
  12  9:39  Infestation Pit  
Tags
 
Composition
Roach Hydra
League
Gold
Race
Zerg
Add a new tag
Caveats
  • Supply blocks, unpowered buildings, or Contaminate may cause inaccurate times.
  • Supply counts are checked every 10 seconds.